Map: Amygdala

Players

SilentGhost

  • Race: Terran Terran
  • League: Silver
  • Spawn Location: 7:00

WeAreLegion - Winner!

  • Race: Terran Terran
  • League: Silver
  • Spawn Location: 1:00

VOD

Have the link to the VOD?

Description

Time

  • Played on: Dec. 7, 2024, 10:11 p.m.
  • Length: 27:37
Show
View Real Time Build Order
Export as new Build Order

SilentGhost Terran 

Build Orders:  

Get SALT Encoding   

  12  1:01  Refinery  
  12  1:06  SCV  
  12  1:08  Supply Depot  
  13  1:18  SCV  
  14  1:23  Command Center  
  14  1:30  SCV  
  14  1:32  Barracks  
  15  1:42  SCV  
  16  1:54  SCV  
  16  1:56  Refinery  
  17  2:06  SCV  
  18  2:18  SCV  
  18  2:20  Barracks Tech Lab  
  19  2:25  Bunker  
  19  2:44  Orbital Command x2  
  18  2:53  Marauder  
  20  3:14  Marine  
  21  3:25  Concussive Shells  
  21  3:32  Marine  
  21  3:33  SCV  
  23  3:44  SCV  
  23  3:45  SCV  
  25  3:56  SCV  
  25  3:58  Factory  
  26  4:02  Engineering Bay  
  26  4:06  SCV  
  26  4:08  SCV  
  28  4:18  SCV  
  28  4:20  SCV  
  30  4:29  Supply Depot  
  30  4:30  SCV  
  31  4:32  Hi-Sec Auto Tracking  
  31  4:33  SCV  
  32  4:43  SCV  
  32  4:45  SCV, Factory Tech Lab  
  34  4:46  Starport  
  34  4:55  SCV  
  34  4:57  SCV  
  34  4:58  Supply Depot  
  36  5:01  Marauder  
  36  5:04  Siege Tank  
  41  5:07  SCV  
  41  5:09  SCV  
  43  5:19  SCV  
  44  5:22  Marine, Missile Turret  
  44  5:23  Medivac  
  44  5:28  Missile Turret  
  47  5:31  SCV  
  47  5:35  Missile Turret  
  48  5:40  Marine  
  48  5:42  Missile Turret  
  49  5:44  SCV  
  50  5:56  SCV  
  51  5:58  Missile Turret  
  51  6:02  Missile Turret, Neosteel Armor  
  51  6:03  Missile Turret  
  51  6:05  SCV  
  51  6:08  SCV  
  53  6:20  SCV  
  53  6:22  Supply Depot  
  53  6:23  Missile Turret  
  54  6:38  Supply Depot  
  54  6:44  SCV, Viking  
  57  6:47  Supply Depot  
  57  6:53  Missile Turret  
  57  6:57  Missile Turret  
  57  7:01  Missile Turret  
  57  7:03  Missile Turret  
  57  7:13  Viking  
  59  7:18  Bunker  
  59  7:19  Siege Tank  
  62  7:24  Marine  
  63  7:42  Marine  
  64  7:47  Armory  
  64  7:48  Bunker  
  64  7:49  Armory  
  64  7:59  Marine  
  64  8:05  Sensor Tower  
  65  8:11  Bunker  
  65  8:14  Siege Tank  
  65  8:17  Marine  
  69  8:27  Refinery  
  69  8:28  Refinery  
  69  8:30  Command Center  
  69  8:35  Marine  
  69  8:41  Terran Vehicle Weapons Level 1, Refinery  
  70  8:43  Terran Vehicle And Ship Armor Level 1  
  70  8:49  Armory  
  70  8:53  Marine  
  71  8:57  Barracks  
  71  9:00  Terran Infantry Weapons Level 1  
  71  9:03  Refinery  
  71  9:11  Ghost Academy  
  71  9:15  Ghost Academy  
  71  9:17  Ghost Academy x2  
  69  9:39  Missile Turret  
  68  9:50  Liberator  
  68  9:51  Missile Turret  
  74  10:02  Nuke  
  74  10:23  Unknown  
  76  10:35  Barracks Tech Lab  
  76  10:48  Liberator  
  76  10:52  Unknown  
  73  11:10  Terran Ship Weapons Level 1  
  73  11:16  Personal Cloaking  
  73  11:18  Nuke x2  
  73  11:19  Nuke  
  66  12:01  Unknown  
  66  12:16  Command Center  
  66  12:33  Sensor Tower  
  66  13:21  Terran Infantry Weapons Level 2  
  66  13:28  Siege Tank, Marine  
  66  13:31  Supply Depot  
  66  13:33  Supply Depot  
  70  13:34  Orbital Command  
  70  13:35  Supply Depot  
  70  13:37  Supply Depot  
  70  13:41  Refinery  
  70  13:42  Refinery  
  70  13:45  Marine  
  71  14:22  Nuke x3  
  71  14:29  Ghost Academy  
  71  14:32  Ghost Academy  
  71  14:34  Ghost Academy  
  69  14:52  Nuke  
  72  15:28  Nuke x2  
  72  15:29  Nuke x3  
  72  15:30  Unknown  
  72  16:30  Bunker  
  72  16:36  Terran Vehicle Weapons Level 2, Bunker  
  61  17:08  Unknown  
  58  17:41  Barracks Tech Lab  
  33  18:30  Starport  
  33  18:33  Starport x2  
  33  18:34  Unknown  
  33  18:35  Starport  
  33  18:37  Starport  
  30  19:15  Starport Tech Lab x3  
  30  19:16  Starport Tech Lab  
  27  19:27  Fusion Core  
  25  19:32  Starport Tech Lab  
  20  20:15  Battlecruiser  
  20  20:16  Battlecruiser x4  
  20  20:19  Weapon Refit  
  20  20:20  Supply Depot  
  49  20:55  Supply Depot  
  49  21:01  Supply Depot  
  48  21:17  Supply Depot  
  48  21:23  Battlecruiser  
  48  21:24  Supply Depot  
  43  26:25  Battlecruiser  
Show
View Real Time Build Order
Export as new Build Order

WeAreLegion Terran - Winner!

Build Orders:  

Get SALT Encoding   

  12  0:00  SCV  
  13  0:12  SCV  
  14  0:17  Supply Depot  
  14  0:27  SCV  
  15  0:39  SCV  
  15  0:41  Barracks  
  16  0:46  Refinery  
  16  0:51  SCV  
  17  1:03  SCV  
  18  1:15  SCV, Refinery  
  19  1:28  Orbital Command  
  19  1:29  Reaper  
  20  1:43  Supply Depot  
  20  1:53  Factory  
  20  1:55  SCV  
  21  2:07  SCV  
  22  2:19  SCV  
  23  2:27  Barracks Reactor  
  23  2:31  SCV  
  23  2:32  Command Center  
  24  2:43  SCV  
  25  2:50  Starport  
  25  3:13  SCV  
  25  3:14  Marine x2  
  27  3:20  Factory Tech Lab  
  27  3:25  SCV  
  27  3:26  Supply Depot  
  28  3:28  Medivac  
  28  3:33  Barracks  
  30  3:37  SCV  
  31  3:43  Marine, Reaper  
  33  3:49  Supply Depot, SCV  
  33  3:51  Siege Tank  
  37  3:59  Orbital Command  
  37  4:02  SCV  
  38  4:17  Barracks  
  38  4:23  Barracks Tech Lab  
  38  4:24  Widow Mine  
  40  4:35  Supply Depot, SCV x2  
  40  4:36  Marine  
  43  4:43  Stimpack  
  43  4:44  Marine  
  43  4:45  Widow Mine  
  46  4:47  SCV  
  46  4:48  SCV  
  48  4:54  Marine  
  48  4:57  Marine  
  50  5:06  Siege Tank  
  53  5:07  Marine  
  53  5:11  Barracks Tech Lab  
  53  5:12  Marine  
  55  5:15  Marauder  
  55  5:16  Engineering Bay  
  55  5:18  Supply Depot  
  58  5:21  Supply Depot, SCV x2  
  58  5:26  Marine  
  60  5:30  Marine  
  60  5:33  SCV  
  60  5:34  Medivac  
  64  5:36  Marine  
  64  5:42  SCV  
  66  5:45  SCV  
  67  5:51  Missile Turret  
  67  5:54  SCV  
  67  5:56  Missile Turret  
  68  5:57  SCV  
  68  5:59  Supply Depot  
  68  6:01  Supply Depot  
  69  6:07  Missile Turret  
  69  6:22  Missile Turret  
  58  6:53  SCV x2  
  60  6:54  Marine x4  
  60  6:56  Siege Tank  
  60  7:05  SCV x2  
  61  7:12  Marine x2  
  61  7:13  Refinery, Marauder x2  
  67  7:17  SCV  
  67  7:20  Refinery  
  68  7:25  Command Center  
  68  7:28  Siege Tank  
  71  7:30  Marine x2  
  71  7:33  Marine  
  71  7:34  Marauder, Barracks x2  
  71  7:36  Starport Reactor  
  76  7:47  Marine  
  76  7:48  Marine  
  78  7:52  SCV x2, Marauder  
  78  7:55  Marine  
  83  8:00  Siege Tank  
  86  8:05  Marine x2  
  88  8:13  Marauder x2  
  88  8:14  SCV  
  88  8:15  SCV  
  94  8:23  Marine x2  
  94  8:26  SCV  
  94  8:27  SCV, Starport, Barracks Reactor  
  98  8:28  Barracks Tech Lab  
  98  8:32  Siege Tank  
  101  8:34  Marine  
  101  8:37  Marauder  
  101  8:38  SCV  
  101  8:39  SCV  
  101  8:41  Marine x2  
  106  8:48  Marine  
  109  8:49  Supply Depot  
  109  8:50  SCV  
  109  8:51  Medivac  
  109  8:52  Supply Depot, Marine  
  109  8:55  Viking  
  115  8:58  Marine  
  115  8:59  Terran Infantry Weapons Level 1, Marine  
  115  9:01  Combat Shield  
  115  9:02  Concussive Shells  
  117  9:05  Starport Tech Lab  
  117  9:09  Marine x2  
  122  9:10  Siege Tank, Marine  
  122  9:11  Supply Depot  
  122  9:16  Marine  
  122  9:17  Marine  
  125  9:27  Marine x2  
  125  9:28  Marauder  
  129  9:34  Marine, Marauder  
  126  10:24  SCV x2  
  129  10:29  Orbital Command  
  128  10:36  SCV x2  
  128  10:39  Command Center  
  128  10:40  Marine x5  
  128  10:41  Marine x2  
  128  10:42  Siege Tank  
  140  10:47  Command Center  
  140  10:48  SCV x2  
  135  10:58  Marine  
  135  10:59  Marauder x2  
  135  11:00  SCV  
  135  11:01  SCV  
  142  11:12  SCV  
  142  11:13  SCV  
  142  11:14  Siege Tank  
  144  11:46  Siege Tank  
  145  11:53  Marine x3  
  145  11:54  Marine, Marauder x3  
  125  12:01  Orbital Command  
  131  12:03  SCV  
  131  12:04  SCV x2  
  134  12:11  Marine x4  
  134  12:15  SCV, Marine  
  138  12:16  SCV x2, Marauder x2  
  138  12:18  Siege Tank  
  149  12:29  Marine x3  
  155  12:33  Marauder  
  155  12:37  Marine, Marauder x2  
  159  12:47  Marine x3  
  156  12:55  Marine, Marauder  
  159  12:58  Marauder  
  159  12:59  Marauder  
  160  13:13  Marine x4  
  160  13:15  Siege Tank  
  160  13:16  Liberator x3, Marauder  
  160  13:19  Marine  
  178  13:26  Starport  
  179  13:28  Starport  
  179  13:30  Refinery  
  179  13:34  Refinery  
  179  13:38  Refinery  
  179  13:50  Supply Depot  
  179  13:51  Supply Depot  
  179  14:03  Starport  
  179  14:06  Starport  
  179  14:12  Liberator x2, Marauder  
  179  14:13  Supply Depot, Siege Tank, Marine x2, Marauder  
  179  14:15  Supply Depot  
  179  14:16  Marauder  
  192  14:22  Marine x2  
  194  14:30  Marine  
  194  14:31  Ghost Academy  
  195  14:35  Marine, Marauder  
  198  14:43  Supply Depot  
  198  14:58  Refinery  
  197  15:37  Raven  
  199  15:48  Fusion Core  
  199  15:51  Armory  
  199  15:52  Terran Infantry Armor Level 1  
  199  15:54  Engineering Bay  
  199  15:59  Armory  
  107  18:08  Marine x6  
  107  18:09  Marauder  
  108  18:14  Siege Tank  
  109  18:26  Marine x4  
  109  18:27  Marauder x2  
  108  18:30  Marauder, Medivac x3  
  116  18:43  Marine x2  
  116  18:44  Marine x2  
  116  18:46  Siege Tank  
  116  18:48  Marauder x2  
  127  18:52  Marauder  
  129  19:00  Medivac x2  
  129  19:01  Marine x3  
  129  19:02  Marine  
  137  19:09  Marauder x2  
  128  19:13  Marauder  
  130  19:18  Siege Tank  
  130  19:19  Marine x4  
  137  19:31  Marauder x2  
  140  19:34  Marauder, Medivac x2  
  140  19:35  Battlecruiser  
  140  19:37  Marine x4  
  156  19:50  Siege Tank  
  156  19:52  Marauder x2  
  163  19:55  Marine x4  
  163  19:56  Marauder  
  169  20:12  Marine  
  169  20:13  Marine  
  169  20:14  Marauder x2  
  175  20:17  Marauder  
  177  20:23  Siege Tank  
  180  20:35  Marauder x2  
  184  20:40  Battlecruiser  
  190  20:55  Siege Tank  
  193  21:00  Marine x6  
  193  21:01  Marine  
  195  21:50  Missile Turret x2  
  195  21:51  Missile Turret  
  195  21:52  Sensor Tower  
  187  22:12  Marine x5  
  187  22:13  Marauder x2  
  190  22:29  Marine  
  181  22:31  Marauder  
  181  22:34  Marauder x2  
  164  22:52  Marauder  
  164  22:56  Marauder x2  
  130  23:24  Marine x5  
  131  23:28  Missile Turret  
  131  23:30  Missile Turret  
  131  23:32  Starport, Missile Turret  
  131  23:35  Starport, Missile Turret  
  131  23:36  Starport  
  131  23:37  Starport  
  131  23:38  Missile Turret  
  128  23:51  Missile Turret x2  
  128  23:54  Marine x2  
  128  23:55  Marauder x3  
  136  24:09  Missile Turret  
  136  24:11  Starport  
  136  24:16  Starport  
  136  24:23  Supply Depot  
  136  24:25  Supply Depot x2  
  136  24:27  Supply Depot x3  
  136  24:29  Supply Depot  
  136  24:31  Engineering Bay  
  136  24:32  Barracks  
  135  24:57  Marine, Viking x2  
  140  25:00  Viking x2  
  140  25:04  Viking  
  137  25:15  Missile Turret  
  138  25:26  SCV  
  138  25:27  Barracks x2, Viking x2  
  143  25:30  Barracks, Viking x2  
  143  25:34  Viking  
  143  25:39  SCV, Missile Turret  
  138  25:51  SCV  
  132  25:57  Viking  
  132  26:00  Viking x2  
  138  26:07  Viking  
  123  26:19  Missile Turret  
  116  26:30  Viking x2  
  120  26:37  Viking  
  112  27:00  Viking x2  
  110  27:10  SCV x2  
  108  27:22  SCV x2  
Tags
 
Matchup
TvT
Race
Terran
Replay Pack
December
Spawn Locations
Cross Positions
Add a new tag
Caveats
  • Supply blocks, unpowered buildings, or Contaminate may cause inaccurate times.
  • Supply counts are checked every 10 seconds.